 Dungeon Crawl Stone Soup version 0.30.1-11-g7821555f0a (webtiles) character file.

Game seed: 1962560621447829083

106258 PrincessEmiBear the Executioner (level 15, -3/145 HPs)
             Began as a Minotaur Fighter on Jan 1, 2024.
             Was the Champion of Makhleb.
             Slain by a vault warden
             ... wielding a +2 long sword of holy wrath
              (22 damage)
             ... on level 2 of the Vaults.
             The game lasted 01:06:12 (15836 turns).

PrincessEmiBear the Executioner (Minotaur Fighter) Turns: 15836, Time: 01:06:12

Health: -3/145     AC: 31    Str: 36    XL:     15   Next: 97%
Magic:  23/23      EV:  8    Int:  5    God:    Makhleb [******]
Gold:   912        SH:  0    Dex:  8    Spells: 14/14 levels left

rFire   . . .        a - +4 battleaxe (spect)
rCold   + . .        (shield currently unavailable)
rNeg    . . .        s - +0 crystal plate armour
rPois   +            (helmet restricted)
rElec   +            n - +1 cloak
rCorr   .            (no gloves)
SInv    +            N - +2 pair of boots
Will    +....        I - amulet "Okhuphed" {rElec Regen+} Stlth
                     z - ring of Eqiqon {rPois rC+ MP+9 Str+8 Dex-2}
HPRegen 1.24/turn    r - ring of see invisible
MPRegen 0.18/turn

%: no passive effects
@: studying Axes
A: horns 2, retaliatory headbutt
a: Renounce Religion, Minor Destruction, Lesser Servant of Makhleb, Major
Destruction, Greater Servant of Makhleb


You were on level 2 of the Vaults.
You worshipped Makhleb.
Makhleb was exalted by your worship.
You visited 3 branches of the dungeon, and saw 17 of its levels.
You also visited: Desolation.

You collected 1497 gold pieces.
You spent 585 gold pieces at shops.

Inventory:

Hand Weapons
 a - a +4 spectral battleaxe (weapon)
 d - a +5 broad axe of electrocution
 i - the +10 war axe "Kadgho Jeha" {flame, *Slow rElec Int+3}
   (You found it in the Desolation of Salt)

   Int:       It affects your intelligence (+3).
   rElec:     It insulates you from electricity.
   *Slow:     It may slow you when you take damage.
 F - a +1 war axe of flaming
Missiles
 h - 4 boomerangs (quivered)
 q - 5 atropa-tipped darts
 w - 4 throwing nets
 y - 7 curare-tipped darts
 S - 2 silver boomerangs
Armour
 c - a +0 buckler
 n - a +1 cloak (worn)
 s - a +0 crystal plate armour (worn)
 N - a +2 pair of boots (worn)
Jewellery
 b - the ring "Anenuad" {rElec Dex+6}
   (You found it on level 13 of the Dungeon)

   [ring of dexterity]

   Dex:       It affects your dexterity (+6).
   rElec:     It insulates you from electricity.
 r - a ring of see invisible (right hand)
 v - a ring of protection from fire
 z - the ring of Eqiqon (left hand) {rPois rC+ MP+9 Str+8 Dex-2}
   (You found it in the Desolation of Salt)

   [ring of magical power]

   Str:       It affects your strength (+8).
   Dex:       It affects your dexterity (-2).
   rC:        It protects you from cold.
   rPois:     It protects you from poison.
   MP:        It affects your magic capacity (+9).
 I - the amulet "Okhuphed" (around neck) {rElec Regen+}
   (You found it in the Desolation of Salt)

   [amulet of regeneration]

   rElec:     It insulates you from electricity.
   Regen:     It increases your rate of health regeneration.
 K - the ring of Tuurriv {rN+ Will+ Int+6}
   (You found it in the Desolation of Salt)

   [ring of intelligence]

   Int:       It affects your intelligence (+6).
   rN:        It protects you from negative energy.
   Will:      It increases your willpower.
Wands
 t - a wand of polymorph (5)
 u - a wand of mindburst (7)
 x - a wand of flame (21)
 B - a wand of iceblast (16)
 D - a wand of charming (9)
Scrolls
 l - 8 scrolls of teleportation
 m - 2 scrolls of fog
 C - 2 scrolls of amnesia
 E - 3 scrolls of identify
 J - a scroll of brand weapon
 L - 2 scrolls of immolation
 Q - 2 scrolls of vulnerability
Potions
 e - 3 potions of attraction
 f - 4 potions of flight
 g - 5 potions of curing
 j - 5 potions of cancellation
 k - 4 potions of brilliance
 p - 3 potions of lignification
 A - 4 potions of mutation
 R - a potion of ambrosia
Miscellaneous
 G - a condenser vane


   Skills:
 + Level 16.4 Fighting
 + Level 22.4 Axes
 + Level 8.8 Throwing
 + Level 17.2 Armour
 + Level 1.7 Dodging
 + Level 3.9 Stealth
 + Level 6.1 Shields
 + Level 1.1 Evocations


You had 14 spell levels left.
You didn't know any spells.
Your spell library contained the following spells:

 Spells                   Type           Power      Damage    Failure   Level
 Apportation              Tloc           0%         N/A       99%         1
 Freeze                   Ice            0%         1d3       99%         1
 Kiss of Death            Conj/Necr      0%         2d5       99%         1
 Necrotise                Necr           0%         1d4       99%         1
 Sting                    Tmut/Pois      0%         1d3       99%         1
 Summon Small Mammal      Summ           0%         N/A       99%         1
 Cigotuvi's Dreadful Rot  Necr/Pois/Air  0%         N/A       100%        2
 Momentum Strike          Conj/Tloc      0%         3d8       100%        2
 Passwall                 Tmut/Erth      0%         N/A       100%        2
 Poisonous Vapours        Pois/Air       0%         N/A       100%        2
 Ignite Poison            Fire/Tmut/Pois 0%         N/A       100%        3
 Spider Form              Tmut/Pois      0%         N/A       100%        3
 Vampiric Draining        Necr           0%         2d6       100%        3
 Animate Dead             Necr           0%         N/A       100%        4
 Ice Form                 Ice/Tmut       0%         N/A       100%        4
 Leda's Liquefaction      Hex/Erth       0%         N/A       100%        4
 Olgreb's Toxic Radiance  Pois           0%         N/A       100%        4
 Petrify                  Tmut/Erth      0%         N/A       100%        4
 Sticky Flame             Conj/Fire      0%         2d3       100%        4
 Agony                    Necr           0%         N/A       100%        5
 Alistair's Intoxication  Tmut/Pois      0%         N/A       100%        5
 Freezing Cloud           Conj/Ice/Air   0%         6-21      100%        5
 Lee's Rapid Deconstruct  Erth           0%         3d4*      100%        5
 Statue Form              Tmut/Erth      0%         N/A       100%        6
 Haunt                    Necr/Summ      0%         N/A       100%        7
 Ignition                 Fire           0%         3d3       100%        8
 Infestation              Necr           0%         N/A       100%        8
 Lehudib's Crystal Spear  Conj/Erth      0%         10d2      100%        8
 Necromutation            Tmut/Necr      0%         N/A       100%        8
 Shatter                  Erth           0%         3d5*      100%        9


Dungeon Overview and Level Annotations

Branches:
Dungeon (14/15)            Temple (1/1) D:7            Lair (0/5) D:10
    Orc (0/2) D:12         Vaults (2/5) D:14        Desolation (visited)
  Crypt: Vaults:2-3

Altars:
Ashenzari
Cheibriados
Dithmenos
Elyvilon
Fedhas
Gozag
Hepliaklqana
Kikubaaqudgha
Makhleb
Nemelex Xobeh
Okawaru
Qazlal
Ru
Sif Muna
Trog
Uskayaw
Vehumet
Wu Jian
Xom
Yredelemnul
Zin
The Shining One

Shops:
D:4 =   D:6 *   D:7 *   D:11 (   D:12 (   Vaults:1 [   Vaults:2 [[


Innate Abilities, Weirdness & Mutations

You have a pair of horns on your head.
You reflexively headbutt those who attack you in melee.


Message History

You closely miss the vault sentinel.
Your +4 spectral battleaxe barely misses the vault warden.
Your +4 spectral battleaxe hits the vault sentinel!!
You kill the vault sentinel!
Makhleb accepts your kill.
Your +4 spectral battleaxe hits the yaktaur!!!
The yaktaur shoots a bolt.
The bolt hits your +4 spectral battleaxe!
Your spectral weapon shares its damage with you!
* * * LOW HITPOINT WARNING * * *
The vault warden hits you but does no damage.
The vault warden attacks as you move away!
The vault warden hits you with a +2 long sword of holy wrath!
* * * LOW HITPOINT WARNING * * *
Your +4 spectral battleaxe disappears.
The vault warden hits you but does no damage.
Things that are here:
a +0 sling; a +0 arbalest; a yaktaur corpse
Okay, then.
Okay, then.
You feel better.
The vault warden hits you but does no damage.
A vault guard comes into view. It is wielding a +0 war axe.
The vault warden hits you with a +0 war axe!
* * * LOW HITPOINT WARNING * * *
You feel better.
The vault warden hits you but does no damage. x2
You feel better. The vault warden completely misses you.
You furiously retaliate!
You headbutt the vault warden!!
The vault warden activates a sealing rune.
A door slams shut!
You feel better.
The vault warden hits you with a +2 long sword of holy wrath!!
* * * LOW HITPOINT WARNING * * *
The vault warden hits you with a +0 war axe.
* * * LOW HITPOINT WARNING * * *
As you read the scroll of fog, it crumbles to dust.
The scroll dissolves into smoke.
The vault warden hits you with a +2 long sword of holy wrath!!
You die...

,,*,,,,,,,*,,,,,,,,,,*###########
,,*,,,<,,,*,.........#..........'
,,*,,,,,,,*,,........#.........∩#
,,*+*******,,,.......#..........#
,,,,,,,,,,,,,,,......#....(.....+
,,********,,,,,,p....#..........#
,,*,,,,,,*,,,,,,,....#..........#
,,*,,,,,,#########p..#..........#
,,*,,,,,,#....§§@pc..#.$........#
,,*,,,,,,+...##§p#§..#..........#
,,*,,,,,,#,**,##§#...##+*********
,,*,,,,,,*,*,,,..#....#,,*,,*,,,*
,,**+*****,,*,##.#....#,,*,,*,,,*
,,,,,,..,*,,**,..#....#,,*,,*,,,*
,,,,,....*,,,,,..#....#*+**+*,,,*
,,,,.....#########....#,,,,,**+**
,,,...........).......#***,,,*,,*


You could see 2 vault wardens, a vault guard and a yaktaur.

Vanquished Creatures
  Frances (D:14)
  A fire giant (Vaults:2)
  4 vault wardens
  2 imperial myrmidons (Desolation)
  7 ironbound preservers
  2 halazid warlocks (Desolation)
  5 yaktaur captains
  4 ragged hierophants (Desolation)
  2 hydras
  9 servants of whispers (Desolation)
  2 great orbs of eyes (Vaults:1)
  5 peacekeepers
  Erolcha (D:10)
  5 ironbound frosthearts
  3 centaur warriors
  7 vault guards
  2 two-headed ogres (D:9)
  3 boulder beetles (Vaults:1)
  Nergalle (D:12)
  3 hell knights (Vaults:1)
  The ghost of TheBioAlchemist the Trooper, a novice DjFE of Qazlal (D:6)
  18 deep trolls
  A glowing orange brain (Vaults:1)
  Pikel (D:6)
  A phantasmal warrior (Vaults:2)
  6 ironbound convokers
  4 wizards
  5 lindwurms (Vaults:1)
  3 orc knights
  3 necromancers (Vaults:1)
  2 deep elf pyromancers
  2 manticores
  An orc sorcerer (D:14)
  A cyclops (D:10)
  9 ugly things
  An elephant (D:10)
  2 guardian serpents (Desolation)
  The ghost of kelmen2 the Chopper, a novice MiBe of Trog (D:5)
  7 vault sentinels
  2 gargoyles
  Maggie (D:6)
  An efreet (D:14)
  3 unseen horrors
  16 yaktaurs
  A freezing wraith (D:14)
  A tengu conjurer (D:14)
  4 trolls
  A hornet (D:10)
  40 saltlings (Desolation)
  25 slime creatures
  A shadow (D:9)
  2 wyverns
  16 yaks
  A basilisk (D:13)
  2 humans (D:14)
  2 steam dragons (D:6)
  A human (shapeshifter) (D:13)
  4 vampire mosquitoes
  2 acid dragons
  2 water moccasins
  7 orc warriors
  Duvessa (D:4)
  An ice beast (Vaults:2)
  3 black bears
  3 sky beasts
  6 centaurs
  3 ogres
  5 boggarts (D:14)
  2 phantoms
  2 kobold brigands
  A bullfrog (D:8)
  Blork the orc (D:6)
  5 gnoll sergeants
  5 scorpions
  9 wights
  Dowan (D:4)
  17 killer bees
  2 electric eels (D:12)
  6 howler monkeys
  4 hounds (D:5)
  3 jellies
  10 orc priests
  An iguana (D:5)
  Ijyb (D:4)
  A sleepcap (D:7)
  Natasha (thrice) (D:2)
  9 orc wizards
  Robin (D:2)
  25 gnolls
  4 adders
  4 white imps
  5 worms
  3 dart slugs (D:1)
  41 orcs
  2 ball pythons
  3 bats
  7 endoplasms
  2 giant cockroaches
  16 goblins
  8 hobgoblins
  2 quokkas (D:5)
  4 frilled lizards
  18 kobolds
  5 rats
528 creatures vanquished.

Vanquished Creatures (others)
  A yaktaur captain (Vaults:1)
  15 spectral weapons
16 creatures vanquished.

Grand Total: 544 creatures vanquished

Notes
Turn   | Place    | Note
-------+----------+-------------------------------------------
     0 | D:1      | PrincessEmiBear the Minotaur Fighter began the quest for
                  | the Orb.
     0 | D:1      | Reached XP level 1. HP: 19/19 MP: 0/0
    83 | D:1      | Reached XP level 2. HP: 21/27 MP: 1/1
   258 | D:1      | Reached XP level 3. HP: 33/33 MP: 2/2
   609 | D:2      | Noticed Robin
   620 | D:2      | Reached skill level 3 in Axes
   620 | D:2      | Killed Robin
   747 | D:2      | Reached XP level 4. HP: 38/40 MP: 3/3
   969 | D:2      | Noticed Natasha
   971 | D:2      | Killed Natasha
  1133 | D:2      | Noticed Natasha
  1140 | D:2      | Killed Natasha
  1141 | D:2      | Reached skill level 4 in Axes
  1444 | D:2      | Noticed Natasha
  1451 | D:2      | Killed Natasha
  1452 | D:2      | Reached XP level 5. HP: 45/47 MP: 4/4
  1527 | D:3      | Reached skill level 5 in Axes
  2204 | D:4      | Reached skill level 1 in Dodging
  2430 | D:4      | Noticed Dowan
  2431 | D:4      | Noticed Duvessa
  2445 | D:4      | Killed Duvessa
  2446 | D:4      | Reached skill level 1 in Throwing
  2446 | D:4      | Reached skill level 5 in Armour
  2446 | D:4      | Reached XP level 6. HP: 28/53 MP: 5/5
  2449 | D:4      | Killed Dowan
  2554 | D:4      | Reached skill level 6 in Axes
  2556 | D:4      | Found a sacrificial altar of Ru.
  2685 | D:4      | Reached XP level 7. HP: 59/60 MP: 6/6
  2693 | D:4      | Found Ocavaf's Jewellery Boutique.
  2704 | D:4      | Bought a ring of see invisible for 195 gold pieces
  2732 | D:4      | Noticed Ijyb
  2739 | D:4      | Killed Ijyb
  2761 | D:4      | Identified a scroll of acquirement
  2761 | D:4      | Acquired a +0 crystal plate armour
  2888 | D:5      | Entered Level 5 of the Dungeon
  3056 | D:5      | Found a sacrificial altar of Ru.
  3059 | D:5      | Reached skill level 5 in Fighting
  3069 | D:5      | Reached skill level 7 in Axes
  3329 | D:5      | Reached XP level 8. HP: 66/69 MP: 7/7
  3362 | D:5      | Found a runed translucent gate.
  3362 | D:5      | Found a runed translucent gate.
  3362 | D:5      | Found a runed translucent gate.
  3362 | D:5      | Noticed kelmen2's ghost (novice MiBe)
  3592 | D:5      | Reached skill level 8 in Axes
  3607 | D:5      | Killed kelmen2's ghost
  3608 | D:5      | Reached skill level 5 in Shields
  3778 | D:6      | Reached skill level 9 in Axes
  3828 | D:6      | Noticed Blork the orc
  3840 | D:6      | Killed Blork the orc
  3966 | D:6      | Found Pivaha's Neck Hole.
  3986 | D:6      | Found a runed translucent door.
  3986 | D:6      | Noticed TheBioAlchemist's ghost (novice DjFE)
  4082 | D:6      | Reached skill level 10 in Axes
  4082 | D:6      | Reached XP level 9. HP: 22/78 MP: 8/8
  4387 | D:6      | Noticed Pikel
  4398 | D:6      | Killed Pikel
  4399 | D:6      | Reached skill level 11 in Axes
  4524 | D:6      | Found a radiant altar of Vehumet.
  4814 | D:6      | Noticed Maggie
  4829 | D:6      | Killed Maggie
  5088 | D:6      | Killed TheBioAlchemist's ghost
  5089 | D:6      | Reached skill level 12 in Axes
  5246 | D:7      | Found Hixzat's General Store.
  5335 | D:7      | Reached XP level 10. HP: 84/88 MP: 9/9
  5632 | D:7      | Found a staircase to the Ecumenical Temple.
  5637 | Temple   | Entered the Ecumenical Temple
  5657 | Temple   | Became a worshipper of Makhleb the Destroyer
  6400 | D:8      | Found a shimmering altar of Xom.
  6411 | D:8      | Found a bloodstained altar of Trog.
  7213 | D:9      | Reached skill level 13 in Axes
  7241 | D:9      | Noticed a two-headed ogre
  7249 | D:9      | Killed a two-headed ogre
  7249 | D:9      | Reached * piety under Makhleb
  7321 | D:9      | Reached skill level 5 in Throwing
  7796 | D:6      | Bought an amulet of regeneration for 390 gold pieces
  7994 | D:9      | Reached XP level 11. HP: 92/95 MP: 10/10
  8012 | D:9      | Reached skill level 14 in Axes
  8084 | D:9      | Noticed a two-headed ogre
  8093 | D:9      | Killed a two-headed ogre
  8094 | D:9      | Reached skill level 10 in Armour
  8098 | D:9      | Reached ** piety under Makhleb
  8469 | D:10     | Entered Level 10 of the Dungeon
  8507 | D:10     | Found a staircase to the Lair.
  8604 | D:10     | Identified the +9 quarterstaff of Grandeur {pain, Dex+3}
  8628 | D:10     | Reached skill level 15 in Axes
  8996 | D:10     | Noticed Erolcha
  9002 | D:10     | Killed Erolcha
  9118 | D:10     | Noticed an orc knight
  9130 | D:10     | Killed an orc knight
  9174 | D:10     | Identified the +5 demon blade of Blood {protect, Dex+3}
  9321 | D:11     | Reached *** piety under Makhleb
  9368 | D:11     | Reached skill level 10 in Fighting
  9406 | D:11     | Found Osilydy's Antique Weapon Boutique.
  9439 | D:11     | Noticed a seven-headed hydra
  9446 | D:11     | Killed a 14-headed hydra
  9641 | D:11     | Reached skill level 16 in Axes
  9641 | D:11     | Reached XP level 12. HP: 106/106 MP: 11/11
  9914 | D:12     | Noticed Nergalle
  9921 | D:12     | Killed Nergalle
  9991 | D:12     | Found a staircase to the Orcish Mines.
 10227 | D:12     | Found Obismiushocw's Antique Weapon Shop.
 10918 | D:13     | Identified the ring "Anenuad" {rElec Dex+6}
 10922 | D:13     | Noticed a centaur warrior
 10934 | D:13     | Killed a centaur warrior
 10938 | D:13     | Reached **** piety under Makhleb
 11071 | D:13     | Noticed a centaur warrior
 11073 | D:13     | Reached skill level 17 in Axes
 11077 | D:13     | Killed a centaur warrior
 11579 | D:14     | Got Faenle's Catalogue of Shifting Refrigeration
 11708 | D:14     | Noticed a vault guard
 11739 | D:14     | Noticed a vault guard
 11860 | D:14     | Noticed a seven-headed hydra
 11863 | D:14     | Killed a ten-headed hydra
 11864 | D:14     | Reached skill level 1 in Stealth
 11884 | D:14     | Reached XP level 13. HP: 116/116 MP: 12/12
 11986 | D:14     | Noticed Frances
 11999 | D:14     | Killed Frances
 12438 | D:14     | Reached skill level 18 in Axes
 12447 | D:14     | Reached ***** piety under Makhleb
 12472 | D:14     | Found a gate to the Vaults.
 12634 | Vaults:1 | Entered Level 1 of the Vaults
 12657 | Vaults:1 | Paralysed by a great orb of eyes for 5 turns
 12791 | Vaults:1 | Noticed an ironbound preserver
 12793 | Vaults:1 | Found Hoblomn's Antique Armour Emporium.
 12802 | Vaults:1 | Killed an ironbound preserver
 12875 | Vaults:1 | Reached skill level 19 in Axes
 13244 | Vaults:1 | Noticed a vault warden
 13257 | Vaults:1 | Killed a vault warden
 13259 | Vaults:1 | Noticed an ironbound preserver
 13265 | Vaults:1 | Killed an ironbound preserver
 13268 | Vaults:1 | Reached XP level 14. HP: 112/127 MP: 13/13
 13578 | Vaults:1 | Noticed an ironbound preserver
 13578 | Vaults:1 | Noticed an ironbound preserver
 13578 | Vaults:1 | Noticed an ironbound preserver
 13584 | Vaults:1 | Killed an ironbound preserver
 13885 | Vaults:1 | Killed an ironbound preserver
 13892 | Vaults:1 | Killed an ironbound preserver
 13893 | Vaults:1 | Reached skill level 20 in Axes
 14197 | Vaults:1 | Noticed a vault warden
 14205 | Vaults:1 | Killed a vault warden
 14260 | Vaults:2 | Found a crumbling gateway.
 14265 | Vaults:2 | Reached skill level 15 in Armour
 14287 | Desolati | Entered the Desolation of Salt
 14306 | Desolati | Reached skill level 1 in Evocations
 14337 | Desolati | HP: 1/127 [saltling[a halazid warlock] (6)]
 14505 | Desolati | Got the Secrets of Charred Corpses
 14575 | Desolati | Reached XP level 15. HP: 114/139 MP: 14/14
 14601 | Desolati | Reached ****** piety under Makhleb
 14630 | Desolati | Identified the +0 scale mail of Sif Muna's Delight {rPois
                  | rF+ Will+}
 14634 | Desolati | Identified the +10 war axe "Kadgho Jeha" {flame, *Slow
                  | rElec Int+3}
 14638 | Desolati | Identified the +2 rapier of Vodka {flame, rPois Will+}
 14640 | Desolati | Identified the ring of Eqiqon {rPois rC+ MP+9 Str+8 Dex-2}
 14761 | Desolati | Got Sif Muna's Discourse on the Vehement Volcano
 14772 | Desolati | Identified the amulet "Okhuphed" {rElec Regen+}
 14841 | Desolati | Noticed an imperial myrmidon
 14842 | Desolati | Reached skill level 15 in Fighting
 14847 | Desolati | Noticed an imperial myrmidon
 14852 | Desolati | Reached skill level 21 in Axes
 14856 | Desolati | Killed an imperial myrmidon
 14857 | Desolati | Killed an imperial myrmidon
 14888 | Desolati | Got the Almanac of the Ground and Moulding
 14890 | Desolati | Identified the ring of Tuurriv {rN+ Will+ Int+6}
 14894 | Desolati | Identified the +5 rapier of Untruth {heavy, rF+ Will+ Int-5
                  | Dex+4}
 14897 | Desolati | Identified the +0 acid dragon scales "Uprypycs" {+Blink
                  | rCorr}
 14899 | Desolati | Got the Incunable of Shapeshifting and Virulence
 15245 | Vaults:2 | Noticed a fire giant
 15245 | Vaults:2 | Noticed a vault warden
 15250 | Vaults:2 | Killed a vault warden
 15250 | Vaults:2 | Killed a fire giant
 15324 | Vaults:2 | Found Fesos's Armour Emporium.
 15410 | Vaults:2 | Found Luosian's Armour Shoppe.
 15455 | Vaults:2 | Noticed a vault warden
 15464 | Vaults:2 | Killed a vault warden
 15478 | Vaults:2 | Reached skill level 22 in Axes
 15820 | Vaults:2 | Noticed a vault warden
 15820 | Vaults:2 | Noticed a vault warden
 15836 | Vaults:2 | Slain by a vault warden

Illustrated notes

Levels and vault maps discovered:
D:1:      erik_arrival_orb_chamber, layout_rooms
D:2:      layout_basic, uniq_natasha, uniq_robin
D:3:      layout_basic
D:4:      layout_basic, hangedman_ru_absence, serial_shops,
          nicolae_shop_tiny_waterfront, uniq_ijyb, uniq_duvessa
D:5:      layout_rooms, gammafunk_ghost_nasty_kobolds, minmay_ruined_shrine
D:6:      kennysheep_steamy, layout_cave_pods, kennysheep_mini,
          gammafunk_ghost_grave, nicolae_shop_sticking_my_neck_out,
          uniq_blork_the_orc, uniq_maggie, uniq_pikel
D:7:      layout_loops_cross, minmay_temple_entry_proselytizer, serial_rivers,
          chequers_serial_rivers_micro_a, chequers_serial_rivers_small_a,
          chequers_serial_rivers_micro_a, chequers_serial_rivers_micro_e,
          chequers_serial_rivers_room_b, serial_shops, shop
D:8:      layout_basic, mainiacjoe_overflow_big_doors, serial_glass,
          glass_columns_b, glass_columns_a, minmay_fountain_box
D:9:      layout_gridville
D:10:     minmay_wavy_crystal, layout_loops_ring, david_lair_generic,
          kennysheep_decorative_pillar, uniq_erolcha
D:11:     layout_long_grid, serial_shops, nicolae_shop_getting_attention
D:12:     layout_basic, orc_0_dummy, serial_shops, shop, uniq_nergalle
D:13:     layout_loops_ring, special_room [special_room_orc],
          serial_bayou_crossing
D:14:     layout_stronghold, grunt_vaults_entry_fortified, uniq_frances
Temple:   nicolae_temple_bog_church
Vaults:1: nicolae_vaults_know_your_exits, dpeg_vaults_monster_row,
          nicolae_vaults_hallways_thing, vaults_mumra_lcd,
          nicolae_vaults_mitosis, v_pattern_5, nicolae_vaults_closet_pinwheel_1,
          nicolae_vaults_mini_display_case, v_misc_11, vaults_dpeg_encased_lava,
          ontoclasm_vaults_twist, layout_vaults_omnicross, serial_shops, shop
Vaults:2: portal_desolation_entry_twin_temple, v_rooms_2, serial_ice_g,
          nicolae_vaults_wine_cellar, nicolae_vaults_shipping_containers_7,
          hangedman_vaults_restitches, nicolae_vaults_taking_the_gang_shopping,
          vaults_room_semicircle, nicolae_vaults_tetromino_Z_2,
          layout_vaults_omnigrid, serial_shops, shop

Skill      XL: |  1  2  3  4  5  6  7  8  9 10 11 12 13 14 15 |
---------------+----------------------------------------------+-----
Armour         | 4 5 6 7 8 9 11 12 14 15 17 | 17.2
Fighting       | 4 5 6 7 8 10 11 12 14 16 | 16.4
Axes           | 3 4 5 6 7 10 12 13 16 17 19 20 22 | 22.4
Shields        | 4 5 6 |  6.1
Dodging        | 1 |  1.7
Throwing       | 1 2 3 5 6 7 8 |  8.8
Stealth        | 1 2 3 |  3.9
Evocations     | 1 |  1.1

Action                     |  1- 3 |  4- 6 |  7- 9 | 10-12 | 13-15 || total
---------------------------+-------+-------+-------+-------+-------++-------
  Melee: War axe           |    65 |    75 |   208 |    48 |       ||   396
         Headbutt          |    11 |     8 |    36 |    57 |   122 ||   234
         Battleaxe         |       |       |       |   287 |   427 ||   714
  Throw: Boomerang         |       |    32 |    20 |   108 |    47 ||   207
         Dart              |       |       |       |       |     2 ||     2
         Throwing net      |       |       |       |       |     1 ||     1
  Evoke: Wand              |       |       |       |       |     4 ||     4
    Use: Scroll            |     4 |     5 |    13 |     3 |    12 ||    37
         Potion            |       |       |       |     2 |     8 ||    10
   Stab: Distracted        |       |       |       |     3 |     7 ||    10
         Invisible         |       |       |       |       |     2 ||     2
         Held in net/web   |       |       |       |       |     1 ||     1
 Armour: Scale mail        |    30 |     5 |       |       |       ||    35
         Chain mail        |       |    25 |     2 |       |       ||    27
         Crystal plate arm |       |       |   164 |   295 |   235 ||   694
  Dodge: Dodged            |    26 |    28 |    31 |    71 |   104 ||   260
  Block: Buckler           |    15 |    15 |    48 |    10 |       ||    88
